 Dungeon Crawl Stone Soup version 0.21-a0-352-g5b8f553 (webtiles) character file.

155 Dfrag the Firebug (level 5, -2/35 HPs)
             Began as a Demonspawn Fire Elementalist on Oct 12, 2017.
             Slain by a gnoll
             ... wielding a +1 flail of holy wrath
              (6 damage)
             ... on level 4 of the Dungeon.
             The game lasted 00:05:29 (3501 turns).

Dfrag the Firebug (Demonspawn Fire Elementalist)    Turns: 3501, Time: 00:05:30

Health: -2/35      AC:  2    Str:  8    XL:     5   Next: 14%
Magic:  1/9        EV: 14    Int: 17    God:
Gold:   54         SH:  0    Dex: 14    Spells: 2/10 levels left

rFire    . . .     SeeInvis .   d - +0 dagger
rCold    . . .     Gourm    .   (no shield)
rNeg     . . .     Faith    .   a - +0 robe
rPois    .         Spirit   .   (helmet restricted)
rElec    .         Reflect  .   (no cloak)
rCorr    .         Harm     .   (no gloves)
MR       .....                  (no boots)
Stlth    +++.......             (no amulet)
HPRegen  0.11/turn              (no ring)
MPRegen  0.11/turn              (no ring)

@: very slightly contaminated
A: horns 1, repulsion field 1, camouflage 1, MP-powered wands
a: no special abilities


You were on level 4 of the Dungeon.
You were hungry.

You visited 1 branch of the dungeon, and saw 4 of its levels.

You collected 54 gold pieces.

Inventory:

Hand Weapons
 d - a +0 dagger (weapon)
Armour
 a - a +0 robe (worn)
Scrolls
 e - a scroll of fear {unknown}
 f - 4 scrolls of remove curse {unknown}
 g - a scroll of identify {unknown}
 h - a scroll of magic mapping {unknown}
 i - a scroll of fog {unknown}
 k - 4 scrolls of teleportation {unknown}
 l - a scroll of recharging {unknown}
 t - a scroll of enchant weapon {unknown}
Potions
 j - a potion of ambrosia
 m - a potion of mutation
 o - 2 potions of curing {unknown}
 p - a potion of resistance {unknown}
 q - a potion of invisibility {unknown}
 r - a potion of berserk rage {unknown}
Books
 b - a book of Flames

   Spells                             Type                      Level
   a - Flame Tongue                   Conjuration/Fire             1
   b - Throw Flame                    Conjuration/Fire             2
   c - Conjure Flame                  Conjuration/Fire             3
   d - Inner Flame                    Hexes/Fire                   3
   e - Sticky Flame                   Conjuration/Fire             4
   f - Fireball                       Conjuration/Fire             5
Comestibles
 c - 4 bread rations
 n - a meat ration
 s - 2 royal jellies
 u - 3 chunks of flesh


   Skills:
 - Level 1.7 Dodging
 - Level 1.7 Stealth
 + Level 3.2 Spellcasting
 + Level 2.9 Conjurations
 + Level 3.7 Fire Magic


You had 2 spell levels left.
You knew the following spells:

 Your Spells              Type           Power        Failure   Level  Hunger
a - Flame Tongue          Conj/Fire      ##...        4%          1    None
b - Conjure Flame         Conj/Fire      ##......     13%         3    ###....
c - Sticky Flame          Conj/Fire      ##......     38%         4    ####...


Dungeon Overview and Level Annotations

Branches:
Dungeon (4/15)
 Temple: D:4-7

Altars:
Qazlal
Sif Muna
Yredelemnul


Innate Abilities, Weirdness & Mutations

You have a pair of small horns on your head.
You are surrounded by a mild repulsion field. (EV +2)
Your skin changes colour to match your surroundings (Stealth+).
You expend magic power (3 MP) to strengthen your wands.


Message History

Your skin glows momentarily.
The gnoll closely misses you.
Casting: Sticky Flame
Confirm with . or Enter, or press ? or * to list all spells.
Aiming: Flame Tongue
Press: ? - help, Shift-Dir - straight line, f/p - gnoll
Aim: a gnoll, wielding a flail of holy wrath
Okay, then.
Casting: Flame Tongue
Confirm with . or Enter, or press ? or * to list all spells.
Aiming: Sticky Flame
Press: ? - help, Shift-Dir - straight line, f/p - gnoll
Aim: a gnoll, wielding a flail of holy wrath You miscast Sticky Flame.
Heat runs through your body.
You are feeling hungry.
The gnoll hits you with a flail of holy wrath!
You convulse.
The gnoll hits you with a flail of holy wrath!
* * * LOW HITPOINT WARNING * * *
You convulse.
You die...

.#.#.#.#.<..#
.....#.#.....#
#...#.#.#....#
....#.#.....#
..#.#.#....#
.# #.#.#....)#
#.#.#.#.#..#.#
#.#.#.#.#.#.#
#.#.#.##.g@#
#.#..#.######.
#.#..#........
#.........#.
#...##..###.#
##. #..# # #
#†.# #[.# #..#


You could see a gnoll.

Vanquished Creatures
  3 slaves (D:3)
  An iguana (D:3)
  5 adders
  A gnoll (D:4)
  2 worms (D:2)
  2 dart slugs (D:2)
  3 leopard geckos
  2 ball pythons
  2 giant cockroaches
  10 goblins
  9 hobgoblins
  4 kobolds
  16 bats
  3 frilled lizards
  A leopard gecko skeleton (D:4)
  3 rats
67 creatures vanquished.

Notes
Turn   | Place    | Note
-------+----------+-------------------------------------------
     0 | D:1      | Dfrag the Demonspawn Fire Elementalist began the quest for the Orb.
     0 | D:1      | Reached XP level 1. HP: 13/13 MP: 3/3
   293 | D:1      | Gained mutation: You are surrounded by a mild repulsion field. (EV +2) [demonic ancestry]
   293 | D:1      | Reached XP level 2. HP: 19/19 MP: 0/5
  1085 | D:2      | Reached XP level 3. HP: 24/24 MP: 4/6
  1209 | D:3      | Found a faded altar of an unknown god.
  1305 | D:3      | Learned a level 3 spell: Conjure Flame
  1707 | D:2      | Found a deep blue altar of Sif Muna.
  1708 | D:2      | Found a basalt altar of Yredelemnul.
  1789 | D:2      | Gained mutation: You expend magic power (3 MP) to strengthen your wands. [potion of mutation]
  1789 | D:2      | Gained mutation: You have a pair of small horns on your head. [potion of mutation]
  1789 | D:2      | Gained mutation: Your skin changes colour to match your surroundings (Stealth+). [potion of mutation]
  1801 | D:2      | Mutation became permanent: You have a pair of small horns on your head. [demonic ancestry]
  1801 | D:2      | Gained mutation: You have a pair of small horns on your head. [demonic ancestry]
  1801 | D:2      | Reached XP level 4. HP: 27/30 MP: 2/8
  1811 | D:2      | Learned a level 4 spell: Sticky Flame
  2218 | D:3      | Found a stormy altar of Qazlal.
  2770 | D:4      | Noticed a slave
  2773 | D:4      | Noticed a slave
  2813 | D:3      | Killed a slave
  3119 | D:3      | Killed a slave
  3343 | D:4      | Noticed a slave
  3345 | D:4      | Reached XP level 5. HP: 35/35 MP: 4/9
  3423 | D:3      | Killed a slave
  3501 | D:4      | Slain by a gnoll

Vault maps used:
D:1:      sevenhm_arrival_forest_fort_small_4
D:2:      gammafunk_temple_overflow_statue
D:3:      chequers_ecumenical_altar_simple, serial_bayou_ford_a,
          grunt_qazlal_clouds
D:4:      minmay_temple_entry_butterflies, first_bread, uniq_pikel

Skill      XL: |  1  2  3  4 |
---------------+-------------+-----
Fire Magic     | 3 |  3.7
Conjurations   | 2 |  2.9
Spellcasting   | 3 |  3.2
Dodging        | |  1.7
Stealth        | |  1.7

Action                   |  1- 3 |  4- 6 || total
-------------------------+-------+-------++-------
Melee: Dagger            |    59 |    14 ||    73
       Unarmed           |    10 |       ||    10
       Headbutt          |     1 |     1 ||     2
 Cast: Flame Tongue      |    90 |    41 ||   131
       Sticky Flame      |       |     3 ||     3
  Use: Potion            |     2 |       ||     2
 Stab: Sleeping          |     1 |     1 ||     2
  Eat: Chunk             |     3 |     7 ||    10
Armor: Robe              |    39 |     4 ||    43
Dodge: Dodged            |   124 |    33 ||   157

Table legend:
 A = Spawn XP
 B = Non-spawn XP
 C = Spawn XP percentage of total XP
 D = Spawn monster count
 E = Non-spawn monster count
 F = Spawn count percentage of total count
 G = Total turns spent on level
                    A         B        C        D         E        F      G
               +---------+---------+-------+---------+---------+-------+---------
         Total |       0 |     222 |   0.0 |       0 |      64 |   0.0 |  3501
               +---------+---------+-------+---------+---------+-------+---------
           D:1 |       0 |      38 |   0.0 |       0 |      23 |   0.0 |  1043
           D:2 |       0 |      81 |   0.0 |       0 |      27 |   0.0 |   794
           D:3 |       0 |      75 |   0.0 |       0 |      11 |   0.0 |  1604
           D:4 |       0 |      28 |   0.0 |       0 |       3 |   0.0 |    60
               +---------+---------+-------+---------+---------+-------+---------
